Map: Ruins of Seras

Players

MissMagitek - Winner!

  • Race: Zerg Zerg
  • League: Platinum

Grumm

  • Race: Protoss Protoss
  • League: Gold

VOD

Have the link to the VOD?

Description

Time

  • Played on: Jan. 21, 2016, 7:59 p.m.
  • Length: 11:21
Show
View Real Time Build Order
Export as new Build Order

MissMagitek Zerg - Winner!

Build Orders: Hatch First, Lurkers 

Get SALT Encoding   

  12  0:02  Drone  
  13  0:12  Overlord  
  13  0:18  Drone  
  14  0:31  Drone x2  
  16  0:41  Drone  
  17  0:57  Hatchery  
  17  1:01  Drone, Extractor  
  16  1:16  Spawning Pool  
  15  1:18  Drone  
  15  1:20  Drone  
  17  1:27  Drone  
  18  1:35  Drone  
  19  1:40  Drone  
  20  1:51  Overlord  
  20  2:02  Drone  
  20  2:07  Metabolic Boost  
  21  2:11  Drone, Queen  
  24  2:17  Drone  
  24  2:21  Queen  
  27  2:26  Drone  
  27  2:28  Drone  
  29  2:32  Drone  
  30  2:41  Drone  
  30  2:42  Drone  
  32  2:46  Drone, Queen  
  35  3:00  Zergling x2  
  35  3:02  Overlord  
  35  3:03  Overlord  
  36  3:16  Overlord  
  36  3:20  Overlord  
  36  3:24  Evolution Chamber  
  36  3:27  Drone x3  
  37  3:33  Hatchery  
  37  3:35  Zergling x6  
  40  3:58  Lair  
  40  4:01  Drone x3, Extractor  
  42  4:03  Drone x4  
  42  4:04  Drone  
  42  4:07  Extractor  
  42  4:09  Extractor  
  42  4:31  Zergling x14  
  44  4:33  Hatchery  
  47  4:39  Drone  
  47  4:42  Drone x3  
  47  4:45  Drone  
  52  4:46  Drone  
  53  4:53  Drone x3  
  53  4:59  Zerg Missile Weapons Level 1  
  56  5:06  Drone  
  57  5:08  Hydralisk Den  
  57  5:09  Drone x2  
  54  5:29  Queen  
  54  5:30  Drone x9  
  54  5:31  Drone  
  66  5:39  Muscular Augments  
  66  5:48  Drone x7  
  73  5:52  Extractor  
  73  5:53  Drone  
  73  5:54  Extractor  
  72  6:18  Hydralisk x3  
  72  6:20  Overlord x4  
  72  6:21  Overlord x4  
  78  6:28  Evolution Chamber  
  78  6:30  Drone x2  
  78  6:50  Drone  
  79  6:54  Zerg Ground Armor Level 1  
  79  6:55  Lurker Den, Hydralisk  
  79  6:56  Hydralisk x7  
  79  6:57  Hydralisk x2  
  99  7:17  Zerg Melee Weapons Level 1  
  99  7:22  Queen  
  101  7:25  Extractor  
  101  7:28  Hydralisk x5  
  101  7:29  Hydralisk  
  112  7:36  Drone x3  
  114  7:59  Hydralisk  
  114  8:00  Hydralisk x10  
  136  8:09  Extractor  
  135  8:13  Hatchery  
  134  8:31  Lurker  
  134  8:32  Lurker x4  
  139  8:36  Zergling x8  
  139  8:38  Overlord x6  
  143  8:59  Hydralisk x11  
  165  9:07  Zergling x16  
  172  9:22  Zergling x6  
  172  9:23  Zergling x2  
  176  9:29  Lurker x3  
  176  9:30  Lurker x2  
  153  10:13  Hydralisk  
  153  10:14  Hydralisk x18  
  171  10:32  Hydralisk x8  
  187  10:36  Zergling x2  
  187  10:37  Zergling x8  
Show
View Real Time Build Order
Export as new Build Order

Grumm Protoss 

Build Orders: 1 Gate Expand 

Get SALT Encoding   

  12  0:01  Probe (Chrono Boost)  
  13  0:12  Probe (Chrono Boost)  
  14  0:21  Pylon  
  14  0:30  Probe (Chrono Boost)  
  15  0:41  Probe (Chrono Boost)  
  16  0:44  Gateway  
  16  0:51  Probe (Chrono Boost)  
  17  1:03  Probe (Chrono Boost)  
  18  1:18  Nexus  
  18  1:31  Cybernetics Core  
  18  1:42  Forge  
  18  1:53  Pylon  
  18  1:56  Probe (Chrono Boost)  
  19  2:06  Probe (Chrono Boost)  
  20  2:12  Assimilator  
  20  2:17  Photon Cannon  
  20  2:20  Assimilator  
  20  2:22  Probe (Chrono Boost)  
  21  2:25  Assimilator  
  21  2:28  Zealot  
  23  2:31  Probe (Chrono Boost)  
  24  2:47  Probe x2 (Chrono Boost)  
  26  2:56  Probe (Chrono Boost)  
  26  2:57  Warp Gate (Chrono Boost)  
  26  2:58  Probe  
  28  3:01  Adept  
  30  3:06  Probe  
  30  3:10  Probe  
  32  3:21  Robotics Facility  
  32  3:23  Probe  
  33  3:29  Probe  
  34  3:39  Probe  
  34  3:56  Nexus  
  34  3:58  Pylon  
  34  4:06  Gateway  
  34  4:13  Probe  
  35  4:17  Photon Cannon  
  35  4:23  Probe  
  34  4:28  Probe  
  34  4:44  Probe  
  34  4:46  Pylon  
  34  4:47  Probe  
  34  4:48  Gateway  
  36  4:54  Photon Cannon  
  36  4:56  Probe  
  36  4:59  Probe  
  38  5:03  Gateway  
  38  5:10  Photon Cannon  
  38  5:12  Probe  
  38  5:14  Mothership Core  
  41  5:25  Probe  
  41  5:27  Probe  
  43  5:33  Probe  
  43  5:35  Probe, Stalker  
  46  5:39  Probe  
  48  5:44  Probe  
  48  5:46  Probe  
  48  5:47  Stalker x2  
  53  5:51  Probe  
  53  5:54  Probe  
  55  6:05  Immortal  
  55  6:07  Assimilator, Pylon, Probe  
  55  6:09  Probe  
  61  6:14  Protoss Ground Weapons Level 1 (Chrono Boost)  
  61  6:20  Zealot x2  
  61  6:22  Probe, Sentry  
  61  6:23  Sentry  
  61  6:25  Probe  
  71  6:36  Pylon  
  71  6:42  Stalker  
  71  6:47  Pylon  
  73  6:52  Pylon  
  73  6:55  Photon Cannon  
  73  6:56  Gateway  
  73  6:57  Immortal  
  73  7:01  Photon Cannon  
  73  7:04  Stalker x2  
  73  7:08  Probe  
  81  7:09  Probe  
  81  7:10  Probe  
  84  7:16  Photon Cannon  
  84  7:18  Probe  
  84  7:19  Photon Cannon  
  85  7:24  Photon Cannon  
  85  7:25  Stalker  
  85  7:29  Probe, Stalker  
  90  7:40  Probe  
  90  7:42  Probe  
  90  7:43  Immortal  
  92  7:47  Pylon  
  96  7:55  Stargate  
  96  7:58  Robotics Bay  
  96  8:00  Pylon  
  96  8:04  Stargate  
  96  8:11  Photon Cannon  
  96  8:13  Stalker  
  96  8:15  Adept, Stalker  
  96  8:17  Probe  
  96  8:18  Probe  
  104  8:23  Pylon  
  104  8:25  Assimilator, Probe  
  105  8:27  Probe  
  106  8:47  Assimilator, Gateway  
  106  8:50  Gateway  
  106  9:05  Zealot x5  
  106  9:08  Protoss Ground Armor Level 1 (Chrono Boost)  
  116  9:18  Void Ray (Chrono Boost)  
  116  9:19  Void Ray (Chrono Boost)  
  116  9:22  Extended Thermal Lance  
  116  9:23  Colossus (Chrono Boost)  
  92  9:53  Stalker x4  
  92  9:54  Stalker  
  94  10:10  Stalker  
  94  10:11  Stalker  
  72  10:22  Stalker x4  
  68  10:29  Void Ray  
  68  10:30  Probe x2  
  68  10:31  Zealot  
  68  10:34  Void Ray  
  67  10:41  Stalker x2  
  79  10:45  Mothership Core  
  79  10:48  Photon Cannon  
  64  10:50  Photon Cannon  
  63  11:06  Stalker x2  
Tags
 
Add a new tag
Caveats
  • Supply blocks, unpowered buildings, or Contaminate may cause inaccurate times.
  • Supply counts are checked every 10 seconds.